 Dungeon Crawl Stone Soup version 0.27-a0-1423-ge5d6b6ab6a (webtiles) character file.

Game seed: 12873226563979966765

15731 Froggeryz the Nimble (level 12, -2/120 HPs)
             Began as an Octopode Berserker on July 2, 2021.
             Was a High Priest of Trog.
             Slain by a komodo dragon (11 damage)
             ... on level 2 of the Lair of Beasts.
             The game lasted 00:19:09 (13532 turns).

Froggeryz the Nimble (Octopode Berserker)          Turns: 13532, Time: 00:19:10

Health: -2/120     AC: 26    Str: 16    XL:     12   Next: 30%
Magic:  12/12      EV:  2    Int: 10    God:    Trog [*****.]
Gold:   703        SH:  0    Dex: 16    Spells: 11/11 levels left

rFire    . . .     SeeInvis .   j - +1 dagger (venom)
rCold    . . .     Faith    +   (no shield)
rNeg     + + +     Spirit   .   (helmet currently unavailable)
rPois    +         Reflect  .   G - amulet of faith
rElec    .         Harm     .   (no ring)
rCorr    .         Rampage  .   (no ring)
Will     ++...     NoTele   +   (no ring)
Stlth    ++++......             (no ring)
HPRegen  1.30/turn              (no ring)
MPRegen  0.13/turn              (no ring)
                                (no ring)
                                (no ring)

@: tree-form, strong-willed, on berserk cooldown, regenerating, studying
Polearms
A: stationary, stasis, torment immunity, boosted hp, almost no armour,
(amphibious), 8 rings, (camouflage 1), (gelatinous body 1), (nimble swimmer 1),
(tentacles)
a: Renounce Religion, Berserk, Trog's Hand, Brothers in Arms


You were on level 2 of the Lair of Beasts.
You worshipped Trog.
Trog was extremely pleased with you.
You were a tree.
You visited 2 branches of the dungeon, and saw 11 of its levels.
You also visited: Sewer and Ossuary.

You collected 703 gold pieces.

Inventory:

Hand Weapons
 j - a +1 dagger of venom (weapon)
 k - a +0 vorpal short sword
Missiles
 h - 48 poisoned darts (quivered)
 l - 16 javelins
 F - 9 boomerangs
Armour
 C - a +0 hat of willpower (melded)
Jewellery
 G - an amulet of faith (around neck)
Wands
 a - a wand of flame (76)
 b - a wand of charming (1)
 p - a wand of mindburst (8)
 A - a wand of polymorph (12)
 B - a wand of iceblast (15)
Scrolls
 d - 3 scrolls of enchant weapon {unknown}
 g - 3 scrolls of blinking {unknown}
 n - 4 scrolls of enchant armour
 r - 2 scrolls of fear {unknown}
 s - 3 scrolls of fog {unknown}
 v - a scroll of summoning
 w - 4 scrolls of magic mapping
 y - 2 scrolls of teleportation
 H - a scroll of identify
 J - a scroll of torment {unknown}
Potions
 c - 3 potions of flight {unknown}
 e - 4 potions of lignification
 f - a potion of brilliance {unknown}
 i - a potion of invisibility {unknown}
 m - a potion of magic {unknown}
 o - a potion of berserk rage {unknown}
 q - a potion of degeneration {unknown}
 t - 2 potions of might
 u - 3 potions of mutation
 z - 2 potions of attraction {unknown}
 D - a potion of resistance {unknown}
 I - 2 potions of haste {unknown}


   Skills:
 + Level 6.8 Fighting
 - Level 12.0 Short Blades
 + Level 5.9 Throwing
 * Level 12.3 Dodging
 - Level 8.0 Stealth


You had 11 spell levels left.
You didn't know any spells.
Your spell library was empty.

Dungeon Overview and Level Annotations

Branches:
Dungeon (9/15)             Temple (0/1) D:5            Lair (2/6) D:9
  Sewer (visited)         Ossuary (visited)
  Swamp: Lair:2-4    Shoals: Lair:2-4     Snake: Lair:2-4    Spider: Lair:2-4
    Orc: D:9-12

Altars:
Ashenzari
Dithmenos
Ru
Sif Muna
Uskayaw
Wu Jian
Yredelemnul

Shops:
D:1 *

Annotations:
D:8 2 transporters, Johnny's ghost, novice DEEE


Innate Abilities, Weirdness & Mutations

You are a tree.
Your roots penetrate the ground, keeping you stationary.
You cannot be teleported.
You are immune to unholy pain and torment.
Your maximum health is greatly increased.
Your equipment is partially melded.
You cannot wear most types of armour.
((You are amphibious.))
You can wear up to eight rings at the same time.
((Your skin changes colour to match your surroundings (Stealth+).))
((Your rubbery body absorbs attacks. (AC +1, EV +1)))
((You are camouflaged near water. (Stealth+)))
((You have tentacles for arms and can constrict up to eight enemies at once.))


Message History

The water moccasin bites you but does no damage.
You feel better. The black mamba bites you!
* * * LOW HITPOINT WARNING * * *
The water moccasin bites you.
* * * LOW HITPOINT WARNING * * *
Your ogre barely misses the water moccasin.
The black mamba bites you but does no damage.
You barely miss the water moccasin.
The water moccasin is heavily wounded.
The black mamba bites you but does no damage.
The water moccasin bites you.
* * * LOW HITPOINT WARNING * * *
You closely miss the water moccasin.
The water moccasin is heavily wounded.
Your ogre misses the water moccasin. The black mamba bites you.
* * * LOW HITPOINT WARNING * * *
You hit the water moccasin.
The water moccasin is severely wounded.
The water moccasin bites you but does no damage.
The black mamba bites you but does no damage.
Your ogre hits the water moccasin with a +0 giant club!!
The water moccasin dies!
Trog accepts your kill.
You hit the black mamba.
The black mamba is poisoned.
The black mamba is lightly wounded.
The black mamba bites you but does no damage.
You hit the black mamba.
The black mamba looks as sick as possible!
The black mamba is lightly wounded.
Your ogre rages.
You hear an angry hiss. x2
You hit the black mamba.
The black mamba is moderately wounded.
The black mamba bites you but does no damage.
You closely miss the black mamba.
The black mamba is moderately wounded.
The black mamba bites you but does no damage.
Your ogre barely misses the black mamba.
The komodo dragon bites you!
You die...

≈≈≈.### .........
.. #≈≈.≈#.
..#8..?.: 8.
.≈≈.. #.+......
S$ .≈. #..#....#
#. #.###.......#
## # #.##....#..
≈≈≈ #.N....)....
..≈...##l#.....#.
........♣S.....#
..#.....O.##....#
. #......## ....#
###..... ...#
....... ...#
##...##P# #### ##


You could see a komodo dragon, a black mamba (extremely poisoned, ally target),
a naga and a friendly ogre (summoned, berserk).

Vanquished Creatures
  2 boulder beetles
  2 hydras
  A two-headed ogre (D:9)
  A troll (D:9)
  A deep elf pyromancer (D:8)
  2 black mambas (Lair:1)
  Psyche (D:8)
  2 cane toads (Lair:1)
  5 komodo dragons
  Prince Ribbit (D:6)
  A hornet (D:9)
  A blink frog (Lair:2)
  Sigmund (D:6)
  A vampire (D:7)
  A shadow (D:9)
  4 wyverns
  2 basilisks
  6 water moccasins
  2 ice beasts
  2 orc warriors
  2 necrophages
  2 ogres
  4 centaurs
  2 phantoms
  A kobold brigand (D:8)
  4 bullfrogs
  Blork the orc (D:4)
  6 scorpions
  9 water moccasin zombies
  A gnoll sergeant (D:5)
  A wyvern skeleton (D:7)
  7 killer bees
  4 wights (D:6)
  3 howler monkeys (D:7)
  3 centaur zombies
  A jelly (D:5)
  A gnoll shaman (D:8)
  A hound (D:5)
  A human zombie (D:6)
  2 orc priests (D:7)
  A bullfrog skeleton (D:5)
  A scorpion zombie (D:5)
  2 iguanas
  5 orc wizards
  Natasha (thrice) (D:2)
  A killer bee zombie (D:7)
  A hound zombie (D:5)
  2 mummies (Ossuary)
  Robin (D:2)
  11 adders
  18 gnolls
  2 shadow imps
  An ufetubus (D:7)
  7 adder zombies (Ossuary)
  2 worms
  3 dart slugs
  22 orcs
  6 endoplasms
  7 giant cockroaches
  8 gnoll zombies (Ossuary)
  9 goblins (D:2)
  7 hobgoblins
  12 jackals
  4 quokkas
  11 ball pythons
  6 bats
  12 frilled lizards
  2 goblin zombies (D:6)
  2 hobgoblin zombies (Ossuary)
  8 kobolds
  6 kobold zombies (Ossuary)
  2 orc zombies (Ossuary)
  5 rats
  A rat zombie (D:6)
286 creatures vanquished.

Vanquished Creatures (collateral kills)
  Gastronok (D:9)
  A two-headed ogre (D:9)
  An elephant (Lair:2)
  A rime drake (Lair:2)
  A basilisk (Lair:2)
  3 water moccasins (Lair:2)
  A killer bee (Lair:2)
9 creatures vanquished.

Vanquished Creatures (others)
  A killer bee (Lair:2)
  5 fungi (Lair:2)
  12 plants
18 creatures vanquished.

Grand Total: 313 creatures vanquished

Notes
Turn   | Place    | Note
-------+----------+-------------------------------------------
     0 | D:1      | Froggeryz the Octopode Berserker began the quest for the
                  | Orb.
     0 | D:1      | Reached XP level 1. HP: 16/16 MP: 1/1
    36 | D:1      | Reached skill level 1 in Stealth
   247 | D:1      | Found a faded altar of an unknown god.
   252 | D:1      | Reached XP level 2. HP: 17/21 MP: 2/2
   434 | D:1      | Found Porest's Assorted Antiques.
   576 | D:1      | Reached XP level 3. HP: 26/26 MP: 3/3
   618 | D:1      | Reached ** piety under Trog
   983 | D:2      | Noticed Natasha
   992 | D:2      | Killed Natasha
   993 | D:2      | Reached XP level 4. HP: 23/31 MP: 4/4
  1338 | D:2      | Noticed Natasha
  1354 | D:2      | Killed Natasha
  1441 | D:2      | Noticed Robin
  1492 | D:2      | Killed Robin
  1493 | D:2      | Reached XP level 5. HP: 34/36 MP: 5/5
  1901 | D:2      | Reached skill level 5 in Short Blades
  1942 | D:2      | Noticed Natasha
  1950 | D:2      | Killed Natasha
  2276 | D:3      | Reached *** piety under Trog
  2570 | D:3      | Reached XP level 6. HP: 42/42 MP: 6/6
  2811 | D:4      | Reached skill level 5 in Stealth
  2969 | D:4      | Reached XP level 7. HP: 46/46 MP: 7/7
  3140 | D:4      | Reached **** piety under Trog
  3265 | D:4      | Noticed Blork the orc
  3275 | D:4      | Killed Blork the orc
  3428 | D:4      | Found a sacrificial altar of Ru.
  3449 | D:4      | Found a shimmering blue altar of Sif Muna.
  3879 | D:5      | Entered Level 5 of the Dungeon
  3879 | D:5      | Found a staircase to the Ecumenical Temple.
  3886 | D:5      | Reached XP level 8. HP: 48/52 MP: 8/8
  4232 | D:5      | Found a glowing drain.
  4255 | Sewer    | Entered a sewer
  5082 | D:6      | Found a sand-covered staircase.
  5111 | Ossuary  | Entered an ossuary
  5159 | Ossuary  | Reached ***** piety under Trog
  5210 | Ossuary  | Reached XP level 9. HP: 22/56 MP: 9/9
  5505 | Ossuary  | Reached skill level 5 in Dodging
  5814 | D:6      | Noticed Prince Ribbit
  5837 | D:6      | Killed Prince Ribbit
  5838 | D:6      | Reached skill level 10 in Short Blades
  6563 | D:6      | Found a shadowy altar of Dithmenos.
  6678 | D:6      | Noticed Sigmund
  6691 | D:6      | Killed Sigmund
  7047 | D:7      | Reached XP level 10. HP: 56/63 MP: 10/10
  8463 | D:8      | Found a basalt altar of Yredelemnul.
  8514 | D:8      | Found a transporter.
  8517 | D:8      | Found a transporter.
  8539 | D:8      | Noticed Psyche
  8550 | D:8      | Killed Psyche
  8720 | D:8      | Noticed Johnny's ghost (novice DEEE)
  8723 | D:8      | Identified the +6 dire flail "Joalumm" {spect, rN+}
  8723 | D:8      | Identified the +6 great mace of Youthful Indiscretion
                  | {vorpal, rPois rC+++ Dex-3 Stlth+}
  8723 | D:8      | Noticed a two-headed ogre
  8901 | D:8      | Noticed a deep elf pyromancer
  8908 | D:8      | Killed a deep elf pyromancer
  8985 | D:9      | Found a staircase to the Lair.
  9027 | D:9      | Noticed a two-headed ogre
  9038 | D:9      | Killed a two-headed ogre
  9265 | D:9      | Found a broken altar of Ashenzari.
  9274 | D:9      | Noticed Gastronok
  9287 | D:9      | Noticed a two-headed ogre
  9322 | D:9      | Killed Gastronok
  9323 | D:9      | Reached skill level 1 in Throwing
  9323 | D:9      | Reached XP level 11. HP: 32/68 MP: 11/11
  9328 | D:9      | Killed a two-headed ogre
  9333 | D:9      | Killed a troll
  9334 | D:9      | Reached skill level 10 in Dodging
 10594 | Lair:1   | Entered Level 1 of the Lair of Beasts
 10725 | Lair:1   | Noticed a four-headed hydra
 10736 | Lair:1   | Killed a four-headed hydra
 10742 | Lair:1   | Found a hide-covered altar of Uskayaw.
 10743 | Lair:1   | Noticed a boulder beetle
 10744 | Lair:1   | Found an ornate altar of the Wu Jian Council.
 10755 | Lair:1   | Killed a boulder beetle
 10756 | Lair:1   | Reached skill level 5 in Fighting
 11585 | Lair:1   | Reached ****** piety under Trog
 12755 | Lair:2   | Noticed a seven-headed hydra
 12766 | Lair:2   | Killed a seven-headed hydra
 12767 | Lair:2   | Reached skill level 5 in Throwing
 12767 | Lair:2   | Reached XP level 12. HP: 78/79 MP: 12/12
 12920 | Lair:2   | Noticed a boulder beetle
 12932 | Lair:2   | Killed a boulder beetle
 13104 | Lair:2   | HP: 1/80 [blink frog (16)]
 13462 | Lair:2   | Received a gift from Trog
 13527 | Lair:2   | HP: 5/120 [black mamba (6)]
 13532 | Lair:2   | Slain by a komodo dragon

Illustrated notes

Levels and vault maps discovered:
D:1:      wander_arrival_lonely_grave, layout_rooms,
          chequers_ecumenical_altar_simple, serial_shops, shop
D:2:      layout_basic, serial_glass, glass_columns_b, glass_columns_c,
          minmay_circle_x, uniq_robin, uniq_natasha
D:3:      layout_basic, saegor_snake_ambush
D:4:      layout_cave_pools, hangedman_ru_absence, lemuel_doored_altar,
          hangedman_abyss_or_decor_lesser_grid, uniq_blork_the_orc
D:5:      layout_cave_pools, minmay_temple_entry_offerings,
          gup_sewer_entry_glass
D:6:      layout_rooms, kennysheep_mini_moat, enter_ossuary_3,
          uniq_prince_ribbit1, uniq_sigmund
D:7:      layout_loops_corners
D:8:      layout_loops_cross, amcnicky_altar_gilded, gammafunk_ghost_smash,
          uniq_psyche
D:9:      layout_loops_ring, evilmike_ruin_ashenzari, david_lair_shrubbed,
          minivault_1, uniq_gastronok
Lair:1:   layout_regular_city, nzn_masters_of_martial_movement
Lair:2:   regret_index_combs_of_tragedy, layout_misc_corridors,
          elwin_shoals_entry_rocks, minmay_snake_entry_guardpost_small,
          grunt_megastairs_5

Skill      XL: |  1  2  3  4  5  6  7  8  9 10 11 12 |
---------------+-------------------------------------+-----
Stealth        | 1 2 3 4 5 7 8 |  8.0
Short Blades   | 4 5 6 7 9 10 12 | 12.0
Dodging        | 4 7 9 11 12 | 12.3
Throwing       | 1 5 |  5.9
Fighting       | 6 |  6.8

Action                   |  1- 3 |  4- 6 |  7- 9 | 10-12 || total
-------------------------+-------+-------+-------+-------++-------
Melee: Short sword       |    60 |    13 |       |       ||    73
       Constrict         |    17 |    34 |    77 |    40 ||   168
       Tentacles         |     8 |    16 |   108 |    81 ||   213
       Dagger            |       |   110 |   382 |   325 ||   817
Throw: Dart              |       |     3 |     8 |     8 ||    19
       Throwing net      |       |       |       |     1 ||     1
Invok: Berserk           |     1 |     3 |     3 |    14 ||    21
       Trog's Hand       |       |       |       |     4 ||     4
       Brothers in Arms  |       |       |       |     2 ||     2
Evoke: Wand              |       |       |     5 |     8 ||    13
  Use: Scroll            |       |       |     7 |     5 ||    12
       Potion            |       |       |       |     4 ||     4
 Stab: Sleeping          |     7 |     8 |    25 |    16 ||    56
       Distracted        |       |       |     3 |     1 ||     4
       Held in net/web   |       |       |       |     2 ||     2
       Betrayed ally     |       |       |       |     1 ||     1
Armor: Skin              |     9 |    13 |    30 |    48 ||   100
Dodge: Dodged            |    43 |    77 |   142 |   223 ||   485

Table legend: (Time is in decaauts)
 A = Elapsed time spent in this place.
 B = Non-inter-level travel time spent in this place.
 C = Inter-level travel time spent in this place.
 D = Time resting spent in this place.
 E = Time spent auto-exploring this place.
 F = Levels seen in this place.
 G = Mean time per level.
                   A        B        C        D        E       F      G
               +--------+--------+--------+--------+--------+-----+--------+
         Total |  13398 |  13146 |    252 |   1491 |   9583 |  13 | 1030.6 |
       Dungeon |   9535 |   9300 |    235 |    847 |   7016 |   9 | 1059.4 |
          Lair |   2931 |   2914 |     17 |    472 |   2011 |   2 | 1465.5 |
         Sewer |    385 |    385 |      0 |    132 |    162 |   1 |  385.0 |
       Ossuary |    545 |    545 |      0 |     40 |    394 |   1 |  545.0 |
               +--------+--------+--------+--------+--------+-----+--------+

Top non-repeatable levels by time:
  Lair:1: 2230 daAuts
     D:9: 1690 daAuts
     D:2: 1379 daAuts
     D:4: 1195 daAuts
     D:7: 1180 daAuts
     D:5: 978 daAuts
     D:6: 949 daAuts
     D:1: 784 daAuts
     D:8: 703 daAuts
  Lair:2: 700 daAuts
     D:3: 673 daAuts
 Ossuary: 545 daAuts
   Sewer: 385 daAuts
